 Dungeon Crawl Stone Soup version 0.21-a0-582-g1b93aee (webtiles) character file.

44 Lanoc the Grave Robber (level 3, -5/16 HPs)
             Began as a Felid Wanderer on Dec 19, 2017.
             Slain by Crazy Yiuf
             ... wielding a +4 quarterstaff of chaos
              (6 damage)
             ... on level 2 of the Dungeon.
             The game lasted 00:07:05 (2767 turns).

Lanoc the Grave Robber (Felid Wanderer)             Turns: 2767, Time: 00:07:05

Health: -5/16      AC:  1    Str:  7    XL:     3   Next: 41%
Magic:  5/6        EV: 16    Int: 14    God:
Gold:   92         SH:  0    Dex: 16    Spells: 2/4 levels left
                                        Lives:  0   Deaths: 0

rFire    . . .     SeeInvis +     - Unarmed
rCold    . . .     Gourm    .   (shield unavailable)
rNeg     . . .     Faith    .   (armour unavailable)
rPois    .         Spirit   .   (helmet unavailable)
rElec    .         Reflect  .   (cloak unavailable)
rCorr    .         Harm     .   (gloves unavailable)
MR       .....                  (boots unavailable)
Stlth    ++........             (no amulet)
HPRegen  0.05/turn              (no ring)
MPRegen  0.10/turn              (no ring)

@: quick
A: very small, no armour, no weapons or thrown items, stealth, claws 1, fangs 3,
see invisible, carnivore, speed 1, shaggy fur 1, slow metabolism 1, sharp paws
a: no special abilities


You were on level 2 of the Dungeon.
You were completely stuffed.

You visited 1 branch of the dungeon, and saw 2 of its levels.

You collected 92 gold pieces.

Inventory:

Jewellery
 i - an uncursed ring of ice {unknown}
Wands
 c - a wand of random effects (15)
Scrolls
 b - a scroll of teleportation
 e - 4 scrolls of identify {unknown}
 g - 3 scrolls of enchant weapon {unknown}
 h - 3 scrolls of remove curse {unknown}
 k - 2 scrolls of magic mapping {unknown}
Potions
 f - 2 potions of curing
Books
 a - a book of Necromancy

   Spells                             Type                      Level
   a - Pain                           Necromancy                   1
   b - Animate Skeleton               Necromancy                   1
   c - Vampiric Draining              Necromancy                   3
   d - Regeneration                   Charms/Necromancy            3
   e - Animate Dead                   Necromancy                   4
   f - Control Undead                 Necromancy                   4
 j - a book of Misfortune

   Spells                             Type                      Level
   a - Confusing Touch                Hexes                        1
   b - Confuse                        Hexes                        3
   c - Gell's Gravitas                Translocation                3
   d - Petrify                        Transmutation/Earth          4
   e - Metabolic Englaciation         Hexes/Ice                    5
   f - Yara's Violent Unravelling     Hexes/Transmutation          5
Comestibles
 d - 5 rations


   Skills:
 + Level 2.4 Fighting
 + Level 1.3 Dodging
 - Level 1.3 Stealth
 + Level 2.3 Unarmed Combat
 + Level 1.4 Spellcasting
 * Level 2.8 Necromancy
 - Level 2.1 Evocations


You had 2 spell levels left.
You knew the following spells:

 Your Spells              Type           Power        Failure   Level  Hunger
a - Animate Skeleton      Necr           N/A          8%          1    ##.....
b - Pain                  Necr           #...         8%          1    ##.....


Dungeon Overview and Level Annotations

Branches:
Dungeon (2/15)

Altars:
Fedhas

Annotations:
D:2 Crazy Yiuf


Innate Abilities, Weirdness & Mutations

You cannot wear armour.
You are incapable of wielding weapons or throwing items.
Your paws allow you to move quietly. (Stealth)
You have sharp claws.
You have razor-sharp teeth.
You have supernaturally acute eyesight. (SInv)
You are carnivorous and can eat meat at any time.
You cover ground quickly.
You are covered in fur. (AC +1)
You have a slow metabolism.
Your sharp claws are effective at attacking unaware monsters.


Message History

Press: ? - help, Shift-Dir - straight line, f - Crazy Yiuf
Aim: Crazy Yiuf, wielding a quarterstaff of chaos and wearing a cloak (chance to defeat MR: 66%) Crazy Yiuf writhes in agony!
You scratch Crazy Yiuf.
Crazy Yiuf is lightly wounded.
You scratch Crazy Yiuf.
Crazy Yiuf is moderately wounded.
Crazy Yiuf misses you.
You scratch Crazy Yiuf.
Crazy Yiuf is heavily wounded.
Crazy Yiuf drinks a potion.
Crazy Yiuf is healed!
You scratch Crazy Yiuf.
Crazy Yiuf is moderately wounded.
Crazy Yiuf hits you with a quarterstaff of chaos!
Ouch! That really hurt!
* * * LOW HITPOINT WARNING * * *
You scratch Crazy Yiuf but do no damage.
Crazy Yiuf is moderately wounded.
Crazy Yiuf hits you with a quarterstaff of chaos.
You die...

##.....##
#....#
##...##
#'..+#
##.##
♣....♣ #.#
♣♣...♣ #.#
♣♣.♣♣ #.#
♣♣.♣
######.#
♣.♣♣
#......#
♣♣.♣
#.######
♣@♣♣ #.#
##### #g#
#.# #...#
... #.#
#.###
#...# #.#
#.# #)..#
###.# #.#
#####
....# #.#
##..####.#
###
#....##.#
#.#


You could see Crazy Yiuf.

Vanquished Creatures
  2 oozes (D:1)
  A worm (D:2)
  3 dart slugs (D:1)
  A ball python (D:1)
  4 bats
  A giant cockroach (D:1)
  4 goblins
  3 hobgoblins
  5 kobolds
  4 rats
28 creatures vanquished.

Notes
Turn   | Place    | Note
-------+----------+-------------------------------------------
     0 | D:1      | Lanoc the Felid Wanderer began the quest for the Orb.
     0 | D:1      | Lanoc set off with: a book of Necromancy, a scroll of teleportation, a wand of random effects (15), a ration
     0 | D:1      | Reached XP level 1. HP: 9/9 MP: 3/3
     2 | D:1      | Learned a level 1 spell: Animate Skeleton
     4 | D:1      | Learned a level 1 spell: Pain
   130 | D:1      | Reached XP level 2. HP: 6/13 MP: 1/4
   524 | D:1      | Reached skill level 1 in Dodging
   709 | D:1      | Reached XP level 3. HP: 8/16 MP: 5/5
  1428 | D:2      | Found a runed door.
  1837 | D:2      | Found a blossoming altar of Fedhas.
  2761 | D:2      | Noticed Crazy Yiuf
  2767 | D:2      | Slain by Crazy Yiuf

Vault maps used:
D:1:      lightli_arrival_lavapool, roderic_lattice_a
D:2:      minmay_misc_feat_rows, fedhas_altar_3, uniq_crazy_yiuf_cottage

Skill      XL: |  1  2 |
---------------+-------+-----
Dodging        | 1 |  1.3
Fighting       | |  2.4
Stealth        | |  1.3
Unarmed Combat | |  2.3
Spellcasting   | |  1.4
Necromancy     | |  2.8
Evocations     | |  2.1

Action                   || total
-------------------------++-------
Melee: Unarmed           ||    99
       Bite              ||     7
 Cast: Pain              ||    34
       Animate Skeleton  ||     3
 Stab: Sleeping          ||     6
  Eat: Chunk             ||    12
Armor: Skin              ||     8
Dodge: Dodged            ||    68

Table legend:
 A = Spawn XP
 B = Non-spawn XP
 C = Spawn XP percentage of total XP
 D = Spawn monster count
 E = Non-spawn monster count
 F = Spawn count percentage of total count
 G = Total turns spent on level
                    A         B        C        D         E        F      G
               +---------+---------+-------+---------+---------+-------+---------
         Total |       0 |      64 |   0.0 |       0 |      28 |   0.0 |  2767
               +---------+---------+-------+---------+---------+-------+---------
           D:1 |       0 |      44 |   0.0 |       0 |      17 |   0.0 |  1695
           D:2 |       0 |      20 |   0.0 |       0 |      11 |   0.0 |  1072
               +---------+---------+-------+---------+---------+-------+---------
